 Dungeon Crawl Stone Soup version 0.30-a0-377-g5cb311bc9f (webtiles) character file.

Game seed: 11189598239395656995

258 scionoferis the Ruffian (level 5, -4/49 HPs)
             Began as a Troll Earth Elementalist on Nov 29, 2022.
             Was an Initiate of Sif Muna.
             Slain by a black bear (9 damage)
             ... on level 4 of the Dungeon.
             The game lasted 00:09:28 (3332 turns).

scionoferis the Ruffian (Troll Earth Elementalist)  Turns: 3332, Time: 00:09:29

Health: -4/49      AC:  4    Str: 16    XL:     5   Next: 94%
Magic:  0/5        EV: 10    Int: 13    God:    Sif Muna [......]
Gold:   177        SH:  0    Dex: 10    Spells: 5/6 levels left

rFire   . . .      SeeInvis .      - Unarmed
rCold   . . .      Faith    .    (no shield)
rNeg    . . .      Spirit   +    a - +0 robe
rPois   .          Reflect  .    (helmet restricted)
rElec   .          Harm     .    (no cloak)
rCorr   .          Rampage  .    (gloves unavailable)
Will    +....                    (boots unavailable)
Stlth   +.........               n - amulet of guardian spirit
HPRegen 1.08/turn                r - ring of willpower
MPRegen 0.09/turn                (no ring)

@: no status effects
A: large, unfitting armour, claws 3, regeneration 1, shaggy fur 1, tough skin 1
a: Renounce Religion


You were on level 4 of the Dungeon.
You worshipped Sif Muna.
Sif Muna was noncommittal.
You visited 2 branches of the dungeon, and saw 5 of its levels.

You collected 177 gold pieces.


Innate Abilities, Weirdness & Mutations

You are too large for most types of armour.
You have claws for hands.
Your natural rate of healing is unusually fast.
You are covered in fur. (AC +1)
You have tough skin. (AC +1)


   Skills:
 + Level 2.1 Fighting
 + Level 2.8 Dodging
 - Level 1.0 Stealth
 * Level 3.9 Unarmed Combat
 - Level 1.2 Spellcasting
 - Level 0.6 Transmutations
 - Level 2.6 Earth Magic
 * Level 0.6 Invocations


You had 5 spell levels left.
You knew the following spells:

 Your Spells              Type           Power      Damage    Failure   Level
a - Sandblast             Erth           14%        2d6       9%          1

Your spell library contained the following spells:

 Spells                   Type           Power      Damage    Failure   Level
 Passwall                 Tmut/Erth      4%         N/A       22%         2
 Stone Arrow              Conj/Erth      8%         3d7       43%         3
 Ozocubu's Armour         Ice            0%         N/A       63%         3
 Petrify                  Tmut/Erth      5%         N/A       80%         4
 Ozocubu's Refrigeration  Ice            0%         4d7       100%        7

Inventory:

Missiles
 j - 41 stones (quivered)
 u - 11 poisoned darts
Armour
 a - a +0 robe (worn)
Magical Staves
 k - a staff of death
   (You found it on level 2 of the Dungeon)
Jewellery
 n - an amulet of guardian spirit (around neck)
   (You found it on level 2 of the Dungeon)
 r - a ring of willpower (left claw)
   (You found it on level 3 of the Dungeon)
Scrolls
 c - 2 scrolls of enchant weapon {unknown}
 f - 2 scrolls of immolation {unknown}
 i - a scroll of blinking {unknown}
 l - 4 scrolls of enchant armour {unknown}
 m - 3 scrolls of identify {unknown}
 o - 2 scrolls of silence {unknown}
 p - a scroll of amnesia {unknown}
 v - a scroll of butterflies {unknown}
 w - a scroll of vulnerability {unknown}
 x - a scroll of summoning {unknown}
Potions
 b - a potion of magic
 d - a potion of brilliance {unknown}
 e - a potion of flight {unknown}
 g - a potion of might {unknown}
 h - a potion of curing {unknown}
 s - a potion of heal wounds {unknown}
 t - a potion of lignification {unknown}

Dungeon Overview and Level Annotations

Branches:
Dungeon (4/15)             Temple (1/1) D:4

Altars:
Cheibriados
Elyvilon
Hepliaklqana
Kikubaaqudgha
Makhleb
Nemelex Xobeh
Okawaru
Qazlal
Ru
Sif Muna
Uskayaw
Vehumet
Xom
Zin

Shops:
D:4

[ .§§.#........###
#.# .......#.....#
#.# .......#.....#
#.# .......#.....#
########.#
.......#.....#
#........#
.......#.....#
#.########
......[#.....# #.#
.......# #.#
.......#########@#
...............#h#
.........K.h....K#
......#........###
.....h##########
......# ......#
<....h# ......#


You could see a black bear (berserk) and a kobold.


Message History

An adder comes into view.
You scratch the goblin.
The goblin is moderately wounded.
The goblin completely misses you.
You completely miss the goblin.
The goblin is moderately wounded.
The goblin hits you with a +0 club.
You claw the goblin!
You kill the goblin!
Your Unarmed Combat skill increases to level 2!
The adder bites you.
You see here a +0 club.
You closely miss the adder. The adder bites you.
You claw the adder!
The adder is almost dead.
The adder misses you.
You claw the adder!
You kill the adder!
Your Fighting skill increases to level 1!
No target in view!
j - 10 stones (gained 6)
l - 2 scrolls labelled PEIT ZUYSS (gained 1)
m - 2 scrolls labelled OFOJ MUTUD (gained 1)
j - 18 stones (gained 8)
Found a club.
n - an amulet of guardian spirit You start putting on your amulet.
You continue putting on your amulet of guardian spirit. x5
You finish putting on your amulet of guardian spirit.
You feel your power drawn to a protective spirit.
n - an amulet of guardian spirit (around neck)
l - 3 scrolls labelled PEIT ZUYSS (gained 1)
You now have 99 gold pieces (gained 15).
A kobold comes into view. It is wielding a +0 club.
Found a buckler.
The kobold shouts!
You hear an angry hiss.
The kobold hits you with a +0 club.
An adder comes into view.
You scratch the kobold.
The kobold is heavily wounded.
The kobold completely misses you.
You claw the kobold!
You kill the kobold!
You scratch the adder but do no damage. The adder bites you but does no damage.
You scratch the adder.
The adder is heavily wounded.
The adder bites you but does no damage. x2
You miss the adder.
The adder is heavily wounded.
The adder closely misses you.
You closely miss the adder.
The adder is heavily wounded.
The adder bites you but does no damage.
You scratch the adder.
The adder is severely wounded.
The adder barely misses you.
You closely miss the adder.
The adder is severely wounded.
The adder barely misses you. The adder bites you.
You are poisoned.
The adder poisons you!
You miss the adder.
The adder is severely wounded.
You feel sick. The adder bites you but does no damage.
You miss the adder.
The adder is severely wounded.
You feel sick. The adder bites you but does no damage.
You closely miss the adder.
The adder is severely wounded.
You feel sick. The adder closely misses you.
You claw the adder!
You kill the adder!
You feel sick.
No target in view!
You feel sick.
You feel sick.
You feel sick.
You are no longer poisoned.
You see here a +0 club.
You see here a +0 buckler.
You see here a +0 buckler.
A hobgoblin comes into view.
The hobgoblin shouts!
You claw the hobgoblin!
You kill the hobgoblin!
No target in view!
An adder comes into view.
The adder hisses angrily.
You barely miss the adder. The adder closely misses you.
You scratch the adder.
The adder is moderately wounded.
The adder closely misses you. The adder bites you but does no damage.
You scratch the adder.
The adder is heavily wounded.
The adder bites you but does no damage.
You barely miss the adder.
The adder is heavily wounded.
The adder bites you but does no damage.
You closely miss the adder.
The adder is heavily wounded.
The adder bites you.
You scratch the adder.
The adder is severely wounded.
The adder closely misses you. The adder barely misses you.
You scratch the adder but do no damage.
The adder is severely wounded.
The adder bites you but does no damage.
You closely miss the adder.
The adder is severely wounded.
The adder bites you but does no damage.
You barely miss the adder.
The adder is severely wounded.
The adder bites you.
You miss the adder.
The adder is severely wounded.
The adder closely misses you.
A bat comes into view.
The adder barely misses you.
You miss the adder.
The adder is severely wounded.
The adder bites you.
You scratch the adder.
The adder is severely wounded.
The adder bites you.
You scratch the adder.
You kill the adder!
No target in view!
You see here an adder corpse.
An adder comes into view.
You closely miss the bat. The bat hits you.
The bat hits you but does no damage. x2
The bat misses you.
You scratch the bat.
You kill the bat!
You have reached level 4!
You see here a bat corpse.
Found a short sword.
The adder hisses angrily.
You barely miss the adder. The adder closely misses you.
You claw the adder!
You kill the adder!
No target in view!
A giant cockroach comes into view.
The helpless giant cockroach fails to defend itself.
You scratch the giant cockroach.
You kill the giant cockroach!
A giant cockroach comes into view.
The giant cockroach misses you.
You scratch the giant cockroach.
You kill the giant cockroach!
No target in view!
You see here a giant cockroach corpse.
Found a stone staircase leading down.
There is a stone staircase leading down here.
o - a scroll labelled QOQONIAM HECWU
Found a stone staircase leading up.
There is a stone staircase leading up here.
Found a stone staircase leading down.
There is a stone staircase leading down here.
Found a bardiche.
There is a stone staircase leading up here.
Found a mace.
You see here a +0 club.
j - 27 stones (gained 9) Done exploring.
Done exploring.
Search for what [Enter for "d:", or ? for help]? d: Unknown command.
There is a stone staircase leading down here.
Unknown command.
You climb downwards.
The gnoll shouts! x3; You hear a shout!
There is a stone staircase leading up here.
The gnoll throws a throwing net.
The throwing net barely misses you.
You climb upwards.
There is a stone staircase leading down here.
There is a stone staircase leading down here.
You climb downwards.
The kobold shouts!
Found a scroll labelled DOSHRUS LUIL.
Found a stone staircase leading down.
There is a stone staircase leading up here.
A ball python comes into view.
You closely miss the kobold.
The ball python hisses angrily.
Your claw misses the kobold. The kobold hits you but does no damage.
You scratch the kobold but do no damage.
The kobold barely misses you.
You miss the kobold. The kobold barely misses you.
You scratch the kobold but do no damage.
Your claw misses the kobold. The kobold barely misses you.
You barely miss the kobold. The kobold hits you but does no damage.
You claw the kobold!
You kill the kobold!
You closely miss the ball python. The ball python closely misses you.
A hobgoblin comes into view.
You closely miss the ball python.
The hobgoblin shouts!
The ball python bites you but does no damage.
The ball python barely misses you.
You closely miss the ball python. The ball python bites you.
You barely miss the ball python.
The ball python bites you but does no damage.
You scratch the ball python but do no damage.
The ball python misses you.
You scratch the ball python.
You kill the ball python!
You barely miss the hobgoblin. The hobgoblin barely misses you.
You barely miss the hobgoblin. The hobgoblin barely misses you.
You barely miss the hobgoblin.
The hobgoblin hits you but does no damage.
You claw the hobgoblin!
You kill the hobgoblin!
j - 29 stones (gained 2)
Things that are here:
a +0 dagger; a hobgoblin corpse; a ball python corpse You barely miss the hobgoblin.
You claw the hobgoblin.
The hobgoblin is heavily wounded.
The hobgoblin misses you.
You barely miss the hobgoblin.
The hobgoblin is heavily wounded.
The hobgoblin completely misses you.
You scratch the hobgoblin but do no damage.
The hobgoblin is heavily wounded.
The hobgoblin hits you but does no damage.
You scratch the hobgoblin.
You kill the hobgoblin!
You see here a hobgoblin corpse.
p - a scroll labelled DOSHRUS LUIL
Found a stone staircase leading up.
m - 3 scrolls labelled OFOJ MUTUD (gained 1)
j - 31 stones (gained 2)
You open the door.
There is an open door here.
Found a stone staircase leading down.
The gnoll shouts! x2
A gnoll comes into view. It is wielding a +0 club.
A hobgoblin comes into view.
The hobgoblin shouts!
The gnoll hits you but does no damage.
You claw the gnoll!
You kill the gnoll!
You claw the hobgoblin!
You kill the hobgoblin!
Items here: ) ? ††.
l - 4 scrolls labelled PEIT ZUYSS (gained 1)
You barely miss the gnoll. Your claw misses the gnoll.
The gnoll hits you with a +0 club.
You scratch the gnoll.
The gnoll is heavily wounded.
The gnoll hits you from afar with a +1 spear of distortion!
Space warps horribly around you!!
* * * LOW HITPOINT WARNING * * *
The gnoll hits you with a +0 club.
* * * LOW HITPOINT WARNING * * *
You scratch the gnoll but do no damage.
The gnoll is heavily wounded.
The gnoll closely misses you.
You scratch the gnoll.
The gnoll is severely wounded.
The gnoll barely misses you.
A ball python comes into view.
The ball python hisses angrily.
The gnoll barely misses you. The ball python bites you.
The ball python attacks as you move away!
The ball python bites you. The ball python closely misses you.
The ball python barely misses you.
There is a stone staircase leading down here.
The ball python attacks as you move away!
The ball python barely misses you.
There is a stone staircase leading up here.
The ball python bites you but does no damage.
You climb upwards.
There is a stone staircase leading down here.
You claw the ball python!
You kill the ball python!
No target in view!
HP restored.
Magic restored.
There is a stone staircase leading down here.
You start waiting.
Done waiting.
You climb downwards.
The hobgoblin shouts!
There is a stone staircase leading up here.
You see here a throwing net.
You completely miss the hobgoblin.
The hobgoblin hits you but does no damage.
You claw the hobgoblin!
You kill the hobgoblin!
No target in view!
No target in view!
You now have 114 gold pieces (gained 15).
q - a throwing net
There is a stone staircase leading up here.
You now have 119 gold pieces (gained 5).
An orc comes into view. It is wielding a +0 short sword.
The orc shouts!
The orc moves out of view.
An adder comes into view.
You barely miss the orc.
The adder hisses angrily.
The orc barely misses you.
You scratch the orc.
The orc is heavily wounded.
The orc hits you but does no damage.
You claw the orc!
You kill the orc!
You miss the adder. The adder barely misses you.
You claw the adder!
The adder is severely wounded.
The adder closely misses you.
You closely miss the adder.
The adder is severely wounded.
The adder bites you.
You barely miss the adder.
The adder is severely wounded.
The adder closely misses you.
You claw the adder!
You kill the adder!
Your Unarmed Combat skill increases to level 3!
Things that are here:
a +0 short sword; an adder corpse; an orc corpse Magic restored.
An adder comes into view.
The adder hisses angrily.
You scratch the adder.
The adder is lightly wounded.
The adder barely misses you.
You scratch the adder.
The adder is moderately wounded.
The adder completely misses you.
You closely miss the adder.
The adder is moderately wounded.
The adder closely misses you. The adder bites you but does no damage.
You barely miss the adder.
The adder is moderately wounded.
The adder barely misses you.
You barely miss the adder.
The adder is moderately wounded.
The adder bites you.
You claw the adder!
You kill the adder!
No target in view!
o - 2 scrolls labelled QOQONIAM HECWU (gained 1)
A worm comes into view.
Found 4 gold pieces.
You claw the worm!
The worm is heavily wounded.
You claw the worm!
You kill the worm!
You now have 123 gold pieces (gained 4).
You barely miss the quokka. The quokka bites you.
You scratch the quokka.
The quokka is almost dead.
The quokka barely misses you.
You claw the quokka!
You kill the quokka!
The gnoll shouts!
You hear a shout!
A rat comes into view.
You see here a ring of willpower.
r - a ring of willpower The gnoll attacks as you move away!
The gnoll hits you with a +0 halberd!
The gnoll hits you from afar with a +0 halberd.
The rat twitches its whiskers.
The gnoll hits you from afar with a +0 halberd!
The rat twitches its whiskers.
The gnoll misses you.
You scratch the gnoll but do no damage. The gnoll hits you with a +0 halberd.
You scratch the gnoll.
The gnoll is lightly wounded.
The gnoll hits you from afar with a +1 spear of distortion.
Space warps horribly around you!
* * * LOW HITPOINT WARNING * * *
The gnoll barely misses you.
You barely miss the gnoll.
The gnoll is lightly wounded.
The gnoll barely misses you. The gnoll closely misses you.
Unknown command.
The gnoll barely misses you.
A goblin comes into view. It is wielding a +0 dagger.
The goblin shouts!
The goblin hits you but does no damage.
Found 8 gold pieces.
The goblin barely misses you. The goblin barely misses you.
The goblin hits you but does no damage. The gnoll barely misses you.
The goblin attacks as you move away! The goblin hits you with a +0 dagger.
There is a stone staircase leading up here.
The goblin barely misses you.
The gnoll hits you from afar with a +0 halberd!
You climb upwards.
There is a stone staircase leading down here.
You completely miss the goblin. Your claw misses the goblin.
The goblin hits you but does no damage.
You closely miss the goblin. The goblin hits you with a +0 dagger.
You scratch the goblin.
The goblin is moderately wounded.
The goblin hits you with a +0 dagger.
You scratch the goblin.
You kill the goblin!
No target in view!
Magic restored.
HP restored.
There is a stone staircase leading down here.
You climb downwards.
There is a stone staircase leading up here.
Things that are here:
a +0 short sword; an adder corpse; an orc skeleton
Found a stone staircase leading down.
Found an escape hatch in the floor.
Found an escape hatch in the ceiling.
There is an escape hatch in the floor here.
An endoplasm comes into view.
The endoplasm moves out of view.
An endoplasm is nearby!
The endoplasm quivers.
You scratch the endoplasm.
The endoplasm is heavily wounded.
You claw the endoplasm!
You kill the endoplasm!
s - a puce potion
Found a sparkling altar of Nemelex Xobeh.
Found a burning altar of Makhleb.
A jackal and a hobgoblin come into view.
The jackal barks!
The hobgoblin shouts!
A rat comes into view.
A kobold comes into view. It is wielding a +2 whip of freezing.
The kobold shouts!
You claw the jackal!
You kill the jackal!
The hobgoblin hits you but does no damage.
You see here a jackal corpse.
You barely miss the hobgoblin. The hobgoblin completely misses you.
You scratch the hobgoblin.
The hobgoblin is moderately wounded.
The hobgoblin hits you but does no damage.
You closely miss the hobgoblin.
The hobgoblin is moderately wounded.
The hobgoblin hits you.
You claw the hobgoblin!
You kill the hobgoblin!
You scratch the kobold.
The kobold is moderately wounded.
The kobold hits you with a +2 whip of freezing.
The kobold freezes you.
You closely miss the kobold.
The kobold is moderately wounded.
The kobold closely misses you.
You barely miss the kobold.
The kobold is moderately wounded.
The kobold barely misses you.
You scratch the kobold.
The kobold is severely wounded.
The kobold closely misses you.
You barely miss the kobold.
The kobold is severely wounded.
The kobold hits you but does no damage.
You claw the kobold!
You kill the kobold!
You claw the rat!
You kill the rat!
No target in view!
Items here: ) †††.
t - a +2 whip of freezing You drop a +2 whip of freezing.
You see here the +3 scale mail of the Transparent God {+Blink rElec rPois Int-5}.
You now have 131 gold pieces (gained 8).
An orc comes into view. It is wielding a +0 club.
The orc moves out of view.
An orc is nearby!
You barely miss the orc. The orc hits you with a +0 club.
You scratch the orc but do no damage. The orc barely misses you.
You scratch the orc.
The orc is heavily wounded.
You scratch the orc.
The orc is severely wounded.
The orc closely misses you.
You claw the orc!
You kill the orc!
Things that are here:
a +0 club; a +0 chain mail; an orc corpse An endoplasm comes into view.
t - a fuming clear potion You claw the endoplasm!
You kill the endoplasm!
An orc comes into view. It is wielding a +0 dagger.
No target in view!
An orc wizard comes into view. It is wielding a +0 dagger.
The orc wizard shouts!
The orc shouts!
You hear a shout!
You scratch the orc wizard.
The orc wizard is moderately wounded.
An orc comes into view.
It is wielding a +0 mace and quivering poisoned darts.
You claw the orc wizard!
The orc wizard is almost dead.
The orc wizard points at you and mumbles some strange words.
You resist with some effort.
You scratch the orc wizard.
You kill the orc wizard!
You have reached level 5!
The orc throws a poisoned dart.
The poisoned dart barely misses you. The orc hits you with a +0 mace.
Things that are here:
a +0 dagger; a +0 robe You claw the orc!
You kill the orc!
You scratch the orc.
The orc is severely wounded.
The orc closely misses you.
You claw the orc!
You kill the orc!
Items here: ( )) [.
u - 3 poisoned darts An endoplasm comes into view.
The endoplasm quivers.
You claw the endoplasm!
You kill the endoplasm!
No target in view!
An endoplasm, a giant cockroach and a kobold come into view.
The endoplasm quivers.
The kobold throws a stone.
The stone closely misses you.
The kobold throws a stone.
The stone hits you but does no damage.
You closely miss the kobold.
The endoplasm jiggles.
The kobold hits you with a +0 dagger.
You scratch the kobold but do no damage.
The kobold hits you with a +0 dagger.
You miss the kobold. The kobold misses you.
You claw the kobold!
You kill the kobold!
You claw the endoplasm!
You kill the endoplasm!
No target in view!
Things that are here:
a +0 dagger; 4 stones; a kobold corpse You claw the giant cockroach!
You kill the giant cockroach!
No target in view!
You see here a giant cockroach corpse.
j - 35 stones (gained 4)
Things that are here:
a +0 dagger; a kobold corpse An orc comes into view.
It is wielding a +0 club.
The orc shouts!
You scratch the orc.
The orc is heavily wounded.
The orc hits you with a +0 club.
You claw the orc!
You kill the orc!
Things that are here:
a +0 club; an orc corpse You enter the shallow water.
Moving in this stuff is going to be slow.
There is an open door here.
You now have 147 gold pieces (gained 16).
You open the door.
A kobold comes into view.
It is wielding a +0 short sword and quivering poisoned darts.
The kobold shouts!
You hear a shout!
The kobold throws a poisoned dart.
The poisoned dart barely misses you.
Found a club and a ring mail.
You close the door.
A kobold opens the door.
A goblin comes into view. It is wielding a +0 club.
The kobold closely misses you.
There is an open door here.
You scratch the kobold.
You kill the kobold!
The goblin unwields a +0 club.
The goblin wields a +0 sling.
The goblin shoots a sling bullet.
The sling bullet barely misses you.
Things that are here:
a +0 short sword; 8 poisoned darts; a kobold corpse The goblin unwields a +0 sling.
The goblin wields a +0 club.
The goblin hits you but does no damage.
You scratch the goblin but do no damage.
The goblin hits you with a +0 club.
You barely miss the goblin. The goblin hits you but does no damage.
You scratch the goblin.
You kill the goblin!
Things that are here:
a +0 club; a +0 sling; a goblin corpse
u - 11 poisoned darts (gained 8)
Things that are here:
a +0 short sword; a kobold corpse Magic restored.
Things that are here:
a +0 club; a +0 sling; a goblin corpse
v - a scroll labelled ONITECH ZOGEWO You now have 159 gold pieces (gained 12).
A bat comes into view.
A bat is nearby!
The bat hits you but does no damage.
You closely miss the bat. The bat closely misses you.
The bat hits you but does no damage.
You barely miss the bat. The bat closely misses you. The bat misses you.
You closely miss the bat. The bat hits you but does no damage.
You scratch the bat.
You kill the bat!
No target in view!
A quokka comes into view.
The helpless quokka fails to defend itself.
You claw the quokka!
You kill the quokka!
No target in view!
No target in view!
There is a fountain of clear blue water here.
j - 39 stones (gained 4)
Found a hand axe.
The gnoll shouts!
You scratch the gnoll.
The gnoll is heavily wounded.
The gnoll barely misses you.
You scratch the gnoll.
The gnoll is severely wounded.
The gnoll hits you with a +0 club.
You barely miss the gnoll.
The gnoll is severely wounded.
You claw the gnoll!
You kill the gnoll!
Things that are here:
a +0 club; a gnoll corpse Throw: 11 darts (poison)
Press: ? - help, Q - select action, (/) - cycle Shift-Dir - straight line, f - gnoll
Aim: a gnoll, wielding a +1 spear of distortion (wandering, hasn't noticed you, 58% to hit)
You throw a poisoned dart.
The poisoned dart completely misses the gnoll.
The gnoll shouts!
Throw: 10 darts (poison)
Press: ? - help, Q - select action, (/) - cycle Shift-Dir - straight line, f - gnoll, p - gnoll
Aim: a gnoll, wielding a +0 halberd (wandering, hasn't noticed you, 58% to hit)
You throw a poisoned dart. The poisoned dart hits the gnoll.
The gnoll shouts!
Unknown command.
Throw: 9 darts (poison)
Press: ? - help, Q - select action, (/) - cycle Shift-Dir - straight line, f/p - gnoll
Aim: a gnoll, wielding a +0 halberd (58% to hit)
You throw a poisoned dart.
The poisoned dart barely misses the gnoll.
The poisoned dart barely misses the gnoll.
You scratch the gnoll.
The gnoll is lightly wounded.
The gnoll hits you with a +1 spear of distortion.
Space warps around you.
You scratch the gnoll.
The gnoll is heavily wounded.
The gnoll barely misses you.
You scratch the gnoll. Your claw misses the gnoll.
The gnoll is severely wounded.
The gnoll hits you with a +1 spear of distortion.
Space warps around you.
You scratch the gnoll.
The gnoll is almost dead.
You closely miss the gnoll.
The gnoll is almost dead.
The gnoll hits you with a +1 spear of distortion.
Space warps horribly around you!!
* * * LOW HITPOINT WARNING * * *
You scratch the gnoll.
You kill the gnoll!
There is a stone staircase leading up here.
HP restored.
The gnoll hits you from afar with a +0 halberd!
You climb upwards.
There is a stone staircase leading down here.
You start resting.
HP restored.
You start resting.
Magic restored.
You climb downwards.
There is a stone staircase leading up here.
Throw: 8 darts (poison)
Press: ? - help, Q - select action, (/) - cycle Shift-Dir - straight line, f - gnoll
Aim: a gnoll, wielding a +0 halberd (58% to hit)
You throw a poisoned dart. The poisoned dart hits the gnoll.
Unknown command.
The gnoll hits you but does no damage.
You closely miss the gnoll. The gnoll barely misses you.
You completely miss the gnoll. The gnoll barely misses you.
You scratch the gnoll.
The gnoll is moderately wounded.
The gnoll hits you with a +0 halberd.
You scratch the gnoll but do no damage.
The gnoll is moderately wounded.
The gnoll hits you with a +0 halberd.
You claw the gnoll!
You kill the gnoll!
You now have 177 gold pieces (gained 18).
Things that are here:
a +0 halberd; a gnoll corpse
u - 8 poisoned darts (gained 1) HP restored.
u - 9 poisoned darts (gained 1)
u - 10 poisoned darts (gained 1)
u - 11 poisoned darts (gained 1)
Things that are here:
a +0 club; a gnoll corpse
Things that are here:
a +1 spear of distortion; a gnoll corpse A rat is nearby!
The rat bites you but does no damage.
You scratch the rat.
You kill the rat!
No target in view!
Things that are here:
a +0 chain mail; a +0 club
Things that are here:
a +0 robe; a +0 dagger An endoplasm comes into view.
Found a flail.
The helpless endoplasm fails to defend itself.
You claw the endoplasm!
You kill the endoplasm!
Your Fighting skill increases to level 2!
No target in view!
Things that are here:
a +0 robe; a +0 dagger
Things that are here:
a +0 leather armour; a +0 dagger; a +0 mace
Things that are here:
a +0 leather armour; a +0 dagger; a +0 mace
Things that are here:
a +0 robe; a +0 dagger Done exploring.
Search for what [Enter for "d:", or ? for help]? :3 Unknown command.
There is a stone staircase leading down here.
Unknown command.
You climb downwards.
Found a stone staircase leading down.
There is a stone staircase leading up here.
The adder hisses angrily.
You scratch the adder.
The adder is moderately wounded.
The adder bites you.
You are poisoned.
The adder poisons you!
You miss the adder.
The adder is moderately wounded.
You feel sick. The adder completely misses you.
You miss the adder.
The adder is moderately wounded.
You feel sick. The adder bites you.
You closely miss the adder.
The adder is moderately wounded.
You feel sick. The adder bites you. The adder bites you but does no damage.
You closely miss the adder.
The adder is moderately wounded.
You feel sick.
You are no longer poisoned.
The adder barely misses you.
You scratch the adder but do no damage.
The adder is moderately wounded.
The adder bites you.
You are poisoned.
The adder poisons you!
You closely miss the adder.
The adder is moderately wounded.
You feel sick. The adder bites you but does no damage.
You closely miss the adder.
The adder is moderately wounded.
You feel sick. The adder misses you.
You scratch the adder.
The adder is heavily wounded.
You feel sick. The adder closely misses you. The adder bites you.
You miss the adder.
The adder is heavily wounded.
You feel sick. The adder closely misses you.
You barely miss the adder.
The adder is heavily wounded.
You feel sick. The adder bites you but does no damage.
You claw the adder!
You kill the adder!
You feel sick.
You are no longer poisoned.
No target in view!
Magic restored.
HP restored.
An endoplasm comes into view.
The endoplasm quivers.
The endoplasm barely misses you.
You claw the endoplasm!
You kill the endoplasm!
A worm comes into view.
A quokka comes into view.
You scratch the worm.
The worm is moderately wounded.
You claw the worm!
The worm is almost dead.
The worm bites you!
You claw the worm!
You kill the worm!
You claw the quokka!
You kill the quokka!
No target in view!
You see here a quokka corpse.
You see here a quokka corpse.
Found a stone staircase leading up.
w - a scroll labelled GETAILLOLAE A hobgoblin comes into view.
You see here a scroll labelled KINIACWOVAV.
c - 2 scrolls labelled KINIACWOVAV (gained 1)
The hobgoblin shouts!
You scratch the hobgoblin but do no damage.
The hobgoblin barely misses you.
You scratch the hobgoblin.
The hobgoblin is almost dead.
The hobgoblin closely misses you.
You claw the hobgoblin!
You kill the hobgoblin!
Found a staircase to the Ecumenical Temple.
Found a leather armour.
There is a staircase to the Ecumenical Temple here.
You climb downwards.
Welcome to the Ecumenical Temple!
There is a staircase back to the Dungeon here.
r - a ring of willpower (left claw)
Found a hazy altar of Hepliaklqana.
Found an iron altar of Okawaru.
Found a snail-covered altar of Cheibriados.
Found a hide-covered altar of Uskayaw.
Found a shimmering blue altar of Sif Muna.
Found a shimmering altar of Xom.
Found an ancient bone altar of Kikubaaqudgha.
Found a sacrificial altar of Ru.
Found a white marble altar of Elyvilon.
There is a staircase back to the Dungeon here.
Found a stormy altar of Qazlal.
Done exploring.
Done exploring.
Done exploring.
Search for what [Enter for ":3", or ? for help]? sif
There is a shimmering blue altar of Sif Muna here.
You kneel at the altar of Sif Muna.
Sif Muna welcomes you!
There is a staircase back to the Dungeon here.
You climb upwards.
Welcome back to the Dungeon!
There is a staircase to the Ecumenical Temple here.
A goblin and a hobgoblin come into view.
The hobgoblin shouts!
You completely miss the hobgoblin. You scratch the hobgoblin.
The hobgoblin is severely wounded.
The hobgoblin hits you.
You closely miss the hobgoblin.
The hobgoblin is severely wounded.
The hobgoblin hits you but does no damage.
You completely miss the hobgoblin.
The hobgoblin is severely wounded.
The hobgoblin hits you but does no damage.
You barely miss the hobgoblin. You claw the hobgoblin.
The hobgoblin is almost dead.
The hobgoblin hits you.
You claw the hobgoblin!
You kill the hobgoblin!
Sif Muna accepts your kill.
You scratch the goblin.
You kill the goblin!
Sif Muna accepts your kill.
No target in view!
HP restored.
Magic restored.
You open the door.
There is an open door here.
There is an open door here.
x - a scroll labelled LUFRIW KOJEDGH
Found a stone staircase leading down.
A kobold comes into view. It is wielding a +0 dagger.
The kobold shouts!
You closely miss the kobold. You claw the kobold.
The kobold is moderately wounded.
The kobold hits you with a +0 dagger.
You closely miss the kobold.
The kobold is moderately wounded.
The kobold hits you with a +0 dagger.
You claw the kobold!
You kill the kobold!
Sif Muna accepts your kill.
No target in view!
j - 41 stones (gained 2)
You see here a +0 dagger.
You see here a +0 dagger.
There is a stone staircase leading down here.
You see here a +0 dagger.
Found an escape hatch in the ceiling.
An endoplasm comes into view.
The endoplasm quivers.
Found a broad axe.
The endoplasm hits you but does no damage.
You claw the endoplasm!
You kill the endoplasm!
Sif Muna accepts your kill.
No target in view!
You open the door.
Found a glowing silver altar of Zin.
There is an open door here.
There is an open door here.
A kobold comes into view.
It is wielding a +1 short sword of venom.
Found Untupn's Armour Shoppe.
The kobold shouts!
A black bear comes into view.
A hound comes into view.
The kobold throws a stone.
The stone hits you but does no damage.
The kobold throws a stone.
The stone hits you but does no damage.
The hound barks!
The kobold throws a stone.
The stone barely misses you.
The kobold throws a stone.
The stone barely misses you.
The kobold throws a stone.
The stone hits you but does no damage. The hound attacks as you move away!
The hound barely misses you. The hound attacks as you move away!
The hound bites you. The hound bites you but does no damage.
The hound attacks as you move away! The hound closely misses you.
The hound attacks as you move away! The hound closely misses you.
The hound bites you. The hound attacks as you move away!
The hound completely misses you. The hound barely misses you.
The hound attacks as you move away! The hound barely misses you.
The hound attacks as you move away! The hound bites you. x2
The hound bites you but does no damage.
You barely miss the hound. The hound closely misses you.
You closely miss the hound. The hound barely misses you.
The hound closely misses you.
You barely miss the hound. The hound bites you but does no damage.
You barely miss the hound. The hound closely misses you.
You barely miss the hound.
The hound pauses to sniff the ground.
The hound bites you. x2
You claw the hound!
The hound is severely wounded.
The hound barely misses you.
You claw the hound!
You kill the hound!
Sif Muna accepts your kill.
You scratch the black bear.
The black bear is moderately wounded.
The black bear bites you. The black bear claws you.
The black bear claws you but does no damage.
Unknown command.
Press: ? - help, v - describe, . - travel
Here: a black bear (moderately wounded)
The floor, spattered with blood.
Your movement speed is average.
Your attack delay is about 0.9.
Your damage rating with unarmed combat is about 14 (Base [9 + 3 (UC)] x 115% (Str) x 103% (Fight)).
Unknown command.
Unknown command.
You claw the black bear!
The black bear is severely wounded.
The black bear bites you.
The black bear claws you but does no damage.
The black bear claws you.
You barely miss the black bear.
The black bear is severely wounded.
The black bear bites you. The black bear claws you.
The black bear barely misses you.
You barely miss the black bear.
The black bear is severely wounded.
The black bear bites you! The black bear claws you.
The black bear claws you but does no damage.
You scratch the black bear.
The black bear is severely wounded.
The black bear goes berserk!
You closely miss the black bear.
The black bear is severely wounded.
The black bear bites you.
The black bear claws you but does no damage. x2
You closely miss the black bear.
The black bear is severely wounded.
The black bear bites you. The black bear claws you. x2
You scratch the black bear.
The black bear is severely wounded.
The black bear bites you.
The black bear claws you but does no damage.
The black bear claws you.
* * * LOW HITPOINT WARNING * * *
The black bear bites you.
* * * LOW HITPOINT WARNING * * *
The black bear closely misses you. The black bear claws you.
* * * LOW HITPOINT WARNING * * *
Throw: throwing net
Press: ? - help, Q - select action, (/) - cycle Shift-Dir - straight line, f - black bear
Aim: a black bear (severely wounded, berserk, 64% to hit)
You throw a throwing net. The throwing net hits the black bear.
The black bear is caught in the net!
The black bear is severely wounded.
The black bear struggles against the net.
You scratch the black bear but do no damage.
The black bear is severely wounded.
The black bear struggles against the net. x2
The net rips apart, and the black bear comes free!
You scratch the black bear.
The black bear is almost dead.
The black bear closely misses you.
The black bear claws you but does no damage. x2
You scratch the black bear.
The black bear is almost dead.
The black bear closely misses you. The black bear claws you.
* * * LOW HITPOINT WARNING * * *
The black bear claws you but does no damage.
You barely miss the black bear.
The black bear is almost dead.
The black bear bites you but does no damage.
The black bear closely misses you. x2; The black bear bites you!
You die...

Skill      XL: |  1  2  3  4  5 |
---------------+----------------+-----
Unarmed Combat | 1 2 3 |  3.9
Dodging        | 2 |  2.8
Fighting       | 1 2 |  2.1
Stealth        | |  1.0
Spellcasting   | |  1.2
Transmutations | |  0.6
Earth Magic    | |  2.6
Invocations    | |  0.6

Action                   |  1- 3 |  4- 6 || total
-------------------------+-------+-------++-------
Melee: Unarmed           |   105 |   170 ||   275
       Punch             |       |     3 ||     3
Throw: Dart              |       |     4 ||     4
       Throwing net      |       |     1 ||     1
 Stab: Sleeping          |       |     3 ||     3
Armor: Robe              |    31 |    47 ||    78
Dodge: Dodged            |    38 |    84 ||   122

Levels and vault maps discovered:
D:1:      kilobyte_arrival_exit_the_forest, layout_basic,
          ebering_ecumenical_altar_ruins
D:2:      layout_loops_ring, basic_altar
D:3:      wad_river_or_something, layout_basic, grunt_temple_overflow_open,
          minmay_ruptured
D:4:      layout_basic, pdpol_temple_overflow_zin_treasury_gozag_greed,
          mainiacjoe_overflow_concentric_impassable, fedhas_altar_fruit_tree,
          minmay_temple_entry_purple_smoke, serial_shops, shop
Temple:   hellmonk_temple_flake

Notes
Turn   | Place    | Note
-------+----------+-------------------------------------------
     0 | D:1      | scionoferis the Troll Earth Elementalist began the quest
                  | for the Orb.
     0 | D:1      | Reached XP level 1. HP: 16/16 MP: 1/1
   130 | D:1      | Reached skill level 1 in Unarmed Combat
   142 | D:1      | Reached XP level 2. HP: 20/26 MP: 2/2
   546 | D:1      | Found a faded altar of an unknown god.
   626 | D:1      | Reached skill level 2 in Dodging
   861 | D:2      | Reached XP level 3. HP: 28/32 MP: 3/3
   914 | D:2      | Found a radiant altar of Vehumet.
   945 | D:2      | Reached skill level 2 in Unarmed Combat
   949 | D:2      | Reached skill level 1 in Fighting
  1146 | D:2      | Reached XP level 4. HP: 41/41 MP: 4/4
  1862 | D:3      | Reached skill level 3 in Unarmed Combat
  2134 | D:3      | Found a sparkling altar of Nemelex Xobeh.
  2135 | D:3      | Found a burning altar of Makhleb.
  2177 | D:3      | Identified the +3 scale mail of the Transparent God {+Blink
                  | rElec rPois Int-5}
  2265 | D:3      | Reached XP level 5. HP: 49/49 MP: 5/5
  2735 | D:3      | Reached skill level 2 in Fighting
  2968 | D:4      | Found a staircase to the Ecumenical Temple.
  2975 | Temple   | Entered the Ecumenical Temple
  3138 | Temple   | Became a worshipper of Sif Muna the Loreminder
  3279 | D:4      | Found a glowing silver altar of Zin.
  3288 | D:4      | Found Untupn's Armour Shoppe.
  3289 | D:4      | Noticed a black bear
  3331 | D:4      | HP: 4/49 [black bear (6)]
  3332 | D:4      | Slain by a black bear

Vanquished Creatures
  A hound (D:4)
  An orc wizard (D:3)
  4 gnolls (D:3)
  7 adders (D:2 D:3 D:4)
  3 worms (D:2 D:3 D:4)
  5 orcs (D:3)
  4 ball pythons (D:1 D:3 D:2)
  4 bats (D:1 D:2 D:3)
  13 endoplasms (D:1 D:2 D:3 D:4)
  4 giant cockroaches (D:1 D:2 D:3)
  5 goblins (D:1 D:2 D:3 D:4)
  11 hobgoblins (D:1 D:2 D:3 D:4)
  6 jackals (D:1 D:3)
  3 quokkas (D:3 D:4)
  A frilled lizard (D:1)
  8 kobolds (D:1 D:2 D:3 D:4)
  4 rats (D:1 D:2 D:3)
84 creatures vanquished.

Table legend: (Time is in decaauts)
 A = Elapsed time spent in this place.
 B = Non-inter-level travel time spent in this place.
 C = Inter-level travel time spent in this place.
 D = Time resting spent in this place.
 E = Time spent auto-exploring this place.
 F = Levels seen in this place.
 G = Mean time per level.
                   A        B        C        D        E       F      G
               +--------+--------+--------+--------+--------+-----+--------+
         Total |   3328 |   3166 |    162 |    114 |   2214 |   5 |  665.6 |
       Dungeon |   3154 |   3021 |    133 |    114 |   2082 |   4 |  788.5 |
        Temple |    174 |    145 |     29 |      0 |    132 |   1 |  174.0 |
               +--------+--------+--------+--------+--------+-----+--------+

Top non-repeatable levels by time:
     D:3: 1150 daAuts
     D:2: 882 daAuts
     D:1: 811 daAuts
     D:4: 309 daAuts
  Temple: 174 daAuts

Table legend:
 A = Non-vault XP
 B = Vault XP
 C = Vault XP percentage of total XP
 D = Non-vault monster count
 E = Vault monster count
 F = Vault count percentage of total count
                 A         B        C        D         E       F
            +---------+---------+-------+---------+---------+-------
      Total |     346 |      23 |   6.2 |      71 |      13 |  15.5
            +---------+---------+-------+---------+---------+-------
        D:1 |      38 |       0 |   0.0 |      21 |       0 |   0.0
        D:2 |      80 |       0 |   0.0 |      17 |       0 |   0.0
        D:3 |     153 |      23 |  13.1 |      23 |      13 |  36.1
        D:4 |      75 |       0 |   0.0 |      10 |       0 |   0.0
            +---------+---------+-------+---------+---------+-------
